Map: Coda LE (Void)

Players

niceUsername - Winner!

  • Race: Terran Terran
  • League: Grandmaster

CaptRaynor

  • Race: Zerg Zerg
  • League: Grandmaster

VOD

Have the link to the VOD?

Description

Time

  • Played on: June 18, 2015, 10:26 p.m.
  • Length: 9:03
Show
View Real Time Build Order
Export as new Build Order

niceUsername Terran - Winner!

Build Orders:  

Get SALT Encoding   

  12  0:01  SCV  
  13  0:13  SCV  
  14  0:19  Supply Depot  
  14  0:25  SCV  
  15  0:44  SCV, Barracks  
  16  0:56  SCV  
  17  0:58  Refinery  
  17  1:00  Refinery  
  17  1:09  SCV  
  18  1:21  SCV  
  19  1:33  Orbital Command  
  19  1:37  Marine  
  20  1:44  Supply Depot  
  20  2:02  Factory  
  20  2:04  SCV  
  21  2:16  SCV, Marine  
  23  2:29  SCV  
  24  2:31  Command Center  
  24  2:41  SCV  
  25  2:50  Ghost Academy  
  25  2:53  SCV  
  26  3:08  Factory Tech Lab  
  26  3:09  Barracks Tech Lab  
  26  3:11  SCV  
  27  3:15  Barracks  
  27  3:16  Engineering Bay  
  27  3:19  Supply Depot  
  27  3:23  SCV  
  28  3:28  Cyclone  
  31  3:40  Ghost  
  33  3:47  SCV, Stimpack  
  34  3:49  Terran Infantry Weapons Level 1  
  34  3:59  SCV  
  34  4:00  Cyclone  
  38  4:06  Orbital Command  
  38  4:12  SCV  
  38  4:13  Marine x2  
  41  4:35  SCV  
  41  4:37  SCV  
  43  4:42  Marine x2  
  45  4:48  SCV  
  45  4:49  SCV  
  47  4:58  Unknown  
  47  4:59  Ghost, Marine  
  47  5:00  SCV  
  51  5:15  Unknown  
  51  5:29  SCV, Marine x2  
  54  5:37  Command Center, Engineering Bay  
  54  5:40  Supply Depot  
  54  6:01  SCV x2, Marine x2  
  58  6:13  SCV x2  
  60  6:25  SCV x2  
  60  6:26  Unknown  
  60  6:40  SCV, Marine  
  62  6:48  Marine  
  62  6:53  SCV  
  64  6:57  Command Center  
  64  6:58  Marine  
  65  7:06  Marine  
  66  7:20  SCV, Marine  
  66  7:21  SCV  
  69  7:25  Command Center  
  69  7:26  Command Center  
  69  7:28  Command Center, Marine  
  69  7:29  Refinery x2  
  70  7:32  SCV  
  70  7:37  Supply Depot x2  
  71  7:38  SCV, Marine  
  71  7:39  Supply Depot  
  71  7:40  Supply Depot  
  73  7:44  SCV  
  73  7:46  Marine  
  75  7:54  SCV  
  75  7:56  Marine  
  77  7:59  SCV  
  78  8:07  SCV  
  79  8:27  SCV, Marine  
  79  8:29  SCV, Marine  
  83  8:38  SCV  
  83  8:45  Marine  
Show
View Real Time Build Order
Export as new Build Order

CaptRaynor Zerg 

Build Orders: Pool First 

Get SALT Encoding   

  12  0:02  Drone  
  13  0:36  Overlord  
  13  0:38  Drone  
  13  0:39  Overlord  
  14  0:47  Extractor  
  13  1:13  Drone x2  
  13  1:14  Drone  
  16  1:21  Spawning Pool  
  15  2:11  Queen  
  17  2:18  Drone, Baneling Nest  
  17  2:19  Drone x2  
  19  2:33  Hatchery  
  18  3:04  Zergling x2, Extractor  
  18  3:05  Zergling x4  
  20  3:26  Lair  
  20  3:32  Zergling x4  
  22  3:34  Overlord x4  
  22  3:38  Baneling x6  
  22  3:50  Drone x2  
  24  4:00  Baneling  
  24  4:01  Baneling x3  
  24  4:04  Drone  
  25  5:18  Centrifical Hooks  
  25  5:21  Drone x6  
  28  5:22  Drone x5  
  36  5:49  Queen  
  38  5:51  Drone x4  
  38  5:52  Drone  
  43  6:16  Extractor  
  42  6:18  Burrow  
  42  6:25  Pneumatized Carapace  
  42  6:59  Overlord x4  
  42  7:05  Infestation Pit  
  41  7:44  Hive  
  41  8:05  Zergling x2  
  42  8:06  Zergling x18  
  51  8:16  Drone  
  52  8:38  Baneling x2  
Tags
 
Add a new tag
Caveats
  • Supply blocks, unpowered buildings, or Contaminate may cause inaccurate times.
  • Supply counts are checked every 10 seconds.